 Dungeon Crawl Stone Soup version 0.29-a0-341-g24ffce5b50 (webtiles) character file.

Game seed: 9773238459516576130

111 Heh the Ducker (level 4, -1/27 HPs)
             Began as an Octopode Gladiator on Apr 21, 2022.
             Slain by a goblin
             ... wielding a +0 club
             ... led by Robin
              (7 damage)
             ... on level 3 of the Dungeon.
             The game lasted 00:02:03 (2265 turns).

Heh the Ducker (Octopode Gladiator)                 Turns: 2265, Time: 00:02:04

Health: -1/27      AC:  1    Str: 13    XL:     4   Next: 92%
Magic:  4/4        EV: 14    Int: 12    God:
Gold:   61         SH:  4    Dex: 15    Spells: 3/3 levels left

rFire   . . .      SeeInvis .   a - +0 long sword
rCold   . . .      Faith    .   f - +0 buckler
rNeg    . . .      Spirit   .   b - +0 hat
rPois   +          Reflect  .   (no amulet)
rElec   .          Harm     .   (no ring)
rCorr   .          Rampage  .   (no ring)
Will    .....                   (no ring)
Stlth   ++........              (no ring)
HPRegen 0.09/turn               (no ring)
MPRegen 0.09/turn               (no ring)
                                (no ring)
                                (no ring)

@: no status effects
A: almost no armour, amphibious, 8 rings, camouflage 1, gelatinous body 1,
(nimble swimmer 1), tentacles, clever 1, frail 1, poison resistance
a: no special abilities


You were on level 3 of the Dungeon.
You visited 1 branch of the dungeon, and saw 3 of its levels.

You collected 61 gold pieces.

Inventory:

Hand Weapons
 a - a +0 long sword (weapon)
Missiles
 c - 4 throwing nets (quivered)
 d - a javelin
Armour
 b - a +0 hat (worn)
 f - a +0 buckler (worn)
Scrolls
 h - a scroll of amnesia {unknown}
 k - a scroll of fear {unknown}
 l - a scroll of identify
 n - a scroll of noise {unknown}
Potions
 e - a potion of brilliance
 g - a potion of berserk rage
 j - 3 potions of degeneration {unknown}
 m - a potion of might
 o - a potion of heal wounds {unknown}


   Skills:
 * Level 3.4 Fighting
 + Level 3.4 Long Blades
 - Level 2.0 Throwing
 + Level 3.8 Dodging
 + Level 1.3 Shields


You had 3 spell levels left.
You didn't know any spells.
Your spell library contained the following spells:

 Spells                   Type           Power      Damage    Failure   Level
 Beastly Appendage        Tmut           0%         N/A       41%         1
 Wereblood                Tmut           0%         N/A       54%         2
 Spider Form              Tmut/Pois      0%         N/A       78%         3


Dungeon Overview and Level Annotations

Branches:
Dungeon (3/15)

Altars:

Annotations:
D:3 Robin


Innate Abilities, Weirdness & Mutations

You cannot wear most types of armour.
You are amphibious.
You can wear up to eight rings at the same time.
Your skin changes colour to match your surroundings (Stealth+).
Your rubbery body absorbs attacks. (AC +1, EV +1)
((You are camouflaged when in or above water. (Stealth+)))
You have tentacles for arms and can constrict up to eight enemies at once.
Your mind is acute. (Int +2)
You are frail. (-10% HP)
Your system is resistant to poisons. (rPois)


Message History

An adder comes into view.
Found a stone staircase leading down.
An adder is nearby!
Robin and 6 goblins come into view. 2 goblins and a dart slug come into view.
Found 13 gold pieces.
The goblin shouts! x4; The adder hisses angrily.
A hobgoblin comes into view. x2
The goblin shouts!
Robin shouts!
The hobgoblin shouts!
The hobgoblin shouts!
Robin throws the goblin at you! The goblin hits you with a +0 club.
The adder completely misses you.
You miss the adder. Your grab misses the adder. The adder barely misses you.
The goblin hits you but does no damage. The goblin completely misses you. x2
The adder closely misses you.
You miss the adder. You grab the adder. You constrict the adder.
The goblin hits you with a +0 club. x2; The adder closely misses you.
The goblin misses you. The goblin barely misses you.
The goblin closely misses you.
You barely miss the adder.
The adder is lightly wounded.
You constrict the adder. The adder bites you. The adder barely misses you.
The goblin hits you with a +0 club.
Robin roars a battlecry!
The goblins go into a battle-frenzy!
The goblin hits you with a +0 club. The goblin closely misses you.
The goblin hits you with a +0 dagger.
* * * LOW HITPOINT WARNING * * *
The goblin hits you with a +0 club.
* * * LOW HITPOINT WARNING * * *
You are too injured to fight recklessly!
You are too injured to fight recklessly!
You are too injured to fight recklessly!
You are too injured to fight recklessly!
You are too injured to fight recklessly!
You are too injured to fight recklessly!
You feel better.
You constrict the adder. The adder bites you.
* * * LOW HITPOINT WARNING * * *
The goblin hits you with a +0 club!
You die...

##############
#.............
#.#.##........
#.#.##........
#.#.##...g....
#.#.##gg......
########.#.##ggg.....
#...........g@gg.....
#.######.#.##gS......
#.# #.#.##wg......
#.# #.#.##..##...#
#.# #.#.##..# ..# #.#
#.#...... .# #.#
#..>...... # #.#
######..## #.#


You could see Robin, an adder, a dart slug, 2 hobgoblins and 8 goblins.

Vanquished Creatures
  Terence (D:3)
  3 gnolls (D:3)
  An adder (D:2)
  A dart slug (D:1)
  2 ball pythons (D:2)
  5 bats
  2 endoplasms
  A giant cockroach (D:1)
  2 goblins
  2 hobgoblins
  10 jackals
  3 kobolds
  3 quokkas
  2 frilled lizards
  5 rats
43 creatures vanquished.

Notes
Turn   | Place    | Note
-------+----------+-------------------------------------------
     0 | D:1      | Heh the Octopode Gladiator began the quest for the Orb.
     0 | D:1      | Reached XP level 1. HP: 14/14 MP: 1/1
   255 | D:1      | Reached XP level 2. HP: 15/19 MP: 2/2
   701 | D:1      | Reached XP level 3. HP: 25/25 MP: 3/3
  1818 | D:3      | Noticed Terence
  1826 | D:3      | Killed Terence
  1827 | D:3      | Reached skill level 1 in Shields
  1827 | D:3      | Reached XP level 4. HP: 20/31 MP: 4/4
  1946 | D:3      | Gained mutation: Your system is resistant to poisons.
                  | (rPois) [potion of mutation]
  1946 | D:3      | Gained mutation: Your mind is acute. (Int +2) [potion of
                  | mutation]
  1946 | D:3      | Gained mutation: You are frail. (-10% HP) [potion of
                  | mutation]
  2259 | D:3      | Noticed Robin
  2265 | D:3      | Slain by a goblin

Illustrated notes

Levels and vault maps discovered:
D:1:      co_arrival_square_in_a_square_in_a_square, layout_loops_ring,
          minmay_statues_item, chequers_serial_rivers_room_a,
          minmay_pentomino_v4
D:2:      layout_basic
D:3:      layout_loops_ring, tso_metal_star, marbit_many_paths, uniq_robin,
          uniq_terence, uniq_sigmund

Skill      XL: |  1  2  3 |
---------------+----------+-----
Fighting       | 3 |  3.4
Shields        | 1 |  1.3
Long Blades    | |  3.4
Throwing       | |  2.0
Dodging        | |  3.8

Action                   |  1- 3 |  4- 6 || total
-------------------------+-------+-------++-------
Melee: Long sword        |    56 |    13 ||    69
       Constrict         |    16 |     5 ||    21
       Tentacles         |    13 |     5 ||    18
       Punch             |     1 |       ||     1
  Use: Scroll            |       |     5 ||     5
       Potion            |       |     2 ||     2
 Stab: Sleeping          |     8 |       ||     8
Armor: Skin              |     5 |     3 ||     8
Dodge: Dodged            |    31 |    27 ||    58
Block: Buckler           |     6 |     3 ||     9

Table legend: (Time is in decaauts)
 A = Elapsed time spent in this place.
 B = Non-inter-level travel time spent in this place.
 C = Inter-level travel time spent in this place.
 D = Time resting spent in this place.
 E = Time spent auto-exploring this place.
 F = Levels seen in this place.
 G = Mean time per level.
                   A        B        C        D        E       F      G
               +--------+--------+--------+--------+--------+-----+--------+
         Total |   2283 |   2196 |     87 |    491 |   1454 |   3 |  761.0 |
       Dungeon |   2283 |   2196 |     87 |    491 |   1454 |   3 |  761.0 |
               +--------+--------+--------+--------+--------+-----+--------+

Top non-repeatable levels by time:
     D:1: 995 daAuts
     D:2: 819 daAuts
     D:3: 469 daAuts
